 Dungeon Crawl Stone Soup version 0.29-a0-283-ga02f740833 (webtiles) character file.

Game seed: 6924183145913386089

130 anonymouscript the Shooter (level 5, -18/39 HPs)
             Began as a Human Hunter on Mar 13, 2022.
             Demolished by an ogre
             ... wielding a +0 giant spiked club
              (21 damage)
             ... on level 4 of the Dungeon.
             The game lasted 00:08:46 (2354 turns).

anonymouscript the Shooter (Human Hunter)           Turns: 2354, Time: 00:08:47

Health: -18/39     AC:  5    Str:  9 (11) XL:     5   Next: 36%
Magic:  5/5        EV: 16    Int:  7 (9)  God:
Gold:   98         SH:  0    Dex: 18 (19) Spells: 3/4 levels left

rFire   . . .      SeeInvis .   a - +1 shortbow
rCold   . . .      Faith    .   (shield currently unavailable)
rNeg    . . .      Spirit   .   b - +0 leather armour
rPois   .          Reflect  .   (no helmet)
rElec   .          Harm     .   y - +0 cloak
rCorr   .          Rampage  .   q - +0 pair of gloves
Will    .....                   (no boots)
Stlth   ++........              (no amulet)
HPRegen 0.13/turn               o - +4 ring of evasion
MPRegen 0.09/turn               (no ring)

@: attractive
A: no striking features
a: no special abilities


You were on level 4 of the Dungeon.
You visited 1 branch of the dungeon, and saw 4 of its levels.

You collected 98 gold pieces.

Inventory:

Hand Weapons
 a - a +1 shortbow (weapon)
 f - a +0 dagger
Missiles
 d - 102 stones
 m - 7 poisoned darts
 n - an atropa-tipped dart (quivered)
Armour
 b - a +0 leather armour (worn)
 q - a +0 pair of gloves (worn)
 y - a +0 cloak (worn)
Jewellery
 o - a +4 ring of evasion (left hand)
 s - a ring of flight
Wands
 p - a wand of flame (20)
 v - a wand of polymorph (12)
Scrolls
 c - a scroll of immolation
 g - a scroll of enchant armour {unknown}
 h - a scroll of silence {unknown}
 i - 3 scrolls of identify {unknown}
 l - a scroll of enchant weapon {unknown}
 t - a scroll of amnesia {unknown}
 u - a scroll of brand weapon {unknown}
Potions
 e - a potion of might {unknown}
 j - 2 potions of lignification {unknown}
 k - a potion of attraction
 r - a potion of heal wounds {unknown}
 w - a potion of haste {unknown}
 x - a potion of mutation {unknown}
 z - a potion of degeneration


   Skills:
 + Level 2.7 Fighting
 + Level 5.3 Bows
 + Level 1.5 Armour
 + Level 2.3 Dodging
 + Level 1.3 Stealth


You had 3 spell levels left.
You knew the following spells:

 Your Spells              Type           Power      Damage    Failure   Level
a - Freeze                Ice            0%         1d3       54%         1

Your spell library contained the following spells:

 Spells                   Type           Power      Damage    Failure   Level
 Animate Skeleton         Necr           0%         N/A       54%         1
 Apportation              Tloc           0%         N/A       54%         1
 Beastly Appendage        Tmut           0%         N/A       54%         1
 Summon Small Mammal      Summ           0%         N/A       54%         1
 Wereblood                Tmut           0%         N/A       67%         2
 Frozen Ramparts          Ice            0%         1d2       88%         3
 Spider Form              Tmut/Pois      0%         N/A       88%         3
 Hailstorm                Conj/Ice       0%         3d3       99%         4


Dungeon Overview and Level Annotations

Branches:
Dungeon (4/15)
 Temple: D:4-7

Altars:


Message History

The ogre resists.
The ogre attacks as you move away! The ogre barely misses you.
Found a mace.
The ogre attacks as you move away!
The ogre hits you with a +0 giant spiked club!!!
Ouch! That really hurt!
* * * LOW HITPOINT WARNING * * *
The ogre attacks as you move away! The ogre completely misses you.
You are too injured to fight recklessly!
You are too injured to fight recklessly!
It was a potion of attraction.
You feel attractive to monsters.
It was a potion of degeneration.
There was something very wrong with that liquid.
You feel weakened.
You feel dopey.
You feel clumsy. The ogre closely misses you.
Throw: 5 darts (atropa)
Press: ? - help, Q - select action, (/) - cycle Shift-Dir - straight line, f/p - ogre
Aim: an ogre, wielding a +0 giant spiked club (76% to hit, chance to blind on hit: 27%)
You throw an atropa-tipped dart. The atropa-tipped dart hits the ogre.
The ogre resists.
The ogre closely misses you.
Throw: 4 darts (atropa)
Press: ? - help, Q - select action, (/) - cycle Shift-Dir - straight line, f/p - ogre
Aim: an ogre, wielding a +0 giant spiked club (76% to hit, chance to blind on hit: 27%)
You throw an atropa-tipped dart. The atropa-tipped dart hits the ogre.
The ogre resists.
Throw: 3 darts (atropa)
Press: ? - help, Q - select action, (/) - cycle Shift-Dir - straight line, f/p - ogre
Aim: an ogre, wielding a +0 giant spiked club (76% to hit, chance to blind on hit: 41%)
You throw an atropa-tipped dart. The atropa-tipped dart hits the ogre.
The ogre resists.
The ogre closely misses you.
Throw: 2 darts (atropa)
Press: ? - help, Q - select action, (/) - cycle Shift-Dir - straight line, f/p - ogre
Aim: an ogre, wielding a +0 giant spiked club (76% to hit, chance to blind on hit: 41%)
You throw an atropa-tipped dart. The atropa-tipped dart hits the ogre.
The ogre resists.
The ogre hits you with a +0 giant spiked club!!
Ouch! That really hurt!
You die...

## # .# #. #. #### ##.
#.## ##... ##..
##.###....
#..#######.........
###..#..............#
####...@O...............
#......<................
##......................
#......................
##.....................
##....................
.............<........
##.....................
###...................


You could see an ogre.

Vanquished Creatures
  A jelly (D:4)
  4 adders
  A worm (D:2)
  3 endoplasms
  6 goblins
  8 hobgoblins
  8 jackals
  3 kobolds
  A quokka (D:3)
  4 ball pythons
  8 bats
  4 frilled lizards
  5 rats
56 creatures vanquished.

Vanquished Creatures (others)
  2 plants (D:2)
2 creatures vanquished.

Grand Total: 58 creatures vanquished

Notes
Turn   | Place    | Note
-------+----------+-------------------------------------------
     0 | D:1      | anonymouscript the Human Hunter began the quest for the
                  | Orb.
     0 | D:1      | Reached XP level 1. HP: 16/16 MP: 1/1
   163 | D:1      | Reached XP level 2. HP: 22/22 MP: 2/2
   512 | D:1      | Reached XP level 3. HP: 27/27 MP: 3/3
  1031 | D:2      | Reached skill level 1 in Armour
  1031 | D:2      | Reached XP level 4. HP: 18/34 MP: 4/4
  1919 | D:3      | Reached skill level 5 in Bows
  2131 | D:3      | Reached XP level 5. HP: 36/39 MP: 5/5
  2312 | D:4      | Learned a level 1 spell: Freeze
  2319 | D:4      | Noticed an ogre
  2354 | D:4      | Demolished by an ogre

Illustrated notes

Levels and vault maps discovered:
D:1:      ncdulo_wetmaze, layout_loops_corners, minmay_statues_item,
          minivault_11
D:2:      layout_basic, serial_bayou_crossing
D:3:      layout_loops_ring, dreamdust_ecumenical_altar_statues,
          minmay_tree_intersection, corner_web_ring
D:4:      layout_layer_cave, hex_tiny

Skill      XL: |  1  2  3  4 |
---------------+-------------+-----
Armour         | 1 |  1.5
Bows           | 5 |  5.3
Fighting       | |  2.7
Dodging        | |  2.3
Stealth        | |  1.3

Action                   |  1- 3 |  4- 6 || total
-------------------------+-------+-------++-------
Melee: Dagger            |       |     1 ||     1
 Fire: Shortbow          |    75 |    46 ||   121
Throw: Stone             |       |     3 ||     3
       Dart              |       |     6 ||     6
  Use: Potion            |       |     2 ||     2
 Stab: Sleeping          |       |     1 ||     1
Armor: Leather armour    |     6 |     3 ||     9
Dodge: Dodged            |    18 |    14 ||    32

Table legend: (Time is in decaauts)
 A = Elapsed time spent in this place.
 B = Non-inter-level travel time spent in this place.
 C = Inter-level travel time spent in this place.
 D = Time resting spent in this place.
 E = Time spent auto-exploring this place.
 F = Levels seen in this place.
 G = Mean time per level.
                   A        B        C        D        E       F      G
               +--------+--------+--------+--------+--------+-----+--------+
         Total |   2401 |   2294 |    107 |    151 |   1597 |   4 |  600.2 |
       Dungeon |   2401 |   2294 |    107 |    151 |   1597 |   4 |  600.2 |
               +--------+--------+--------+--------+--------+-----+--------+

Top non-repeatable levels by time:
     D:2: 1000 daAuts
     D:1: 939 daAuts
     D:3: 389 daAuts
     D:4: 71 daAuts
